 Dungeon Crawl Stone Soup version 0.28-a0-691-gad6df49e81 (webtiles) character file.

Game seed: 15321041312393518323

793 kae the Ruffian (level 7, 0/57 HPs)
             Began as a White Draconian Transmuter on Oct 21, 2021.
             Was an Initiate of Ru.
             Slain by a wyvern zombie (10 damage)
             ... on level 6 of the Dungeon.
             The game lasted 00:03:10 (5223 turns).

kae the Ruffian (White Draconian Transmuter)        Turns: 5223, Time: 00:03:11

Health: 0/57       AC:  7    Str: 14    XL:     7   Next: 57%
Magic:  20/20      EV: 20    Int: 16    God:    Ru [......]
Gold:   192        SH:  0    Dex: 17    Spells: 4/12 levels left

rFire   . . .      SeeInvis .     - Unarmed
rCold   . . .      Faith    .   (shield currently unavailable)
rNeg    . . .      Spirit   .   (armour unavailable)
rPois   x          Reflect  .   (helmet currently unavailable)
rElec   .          Harm     .   (cloak currently unavailable)
rCorr   .          Rampage  .   (gloves currently unavailable)
Will    .....                   (boots currently unavailable)
Stlth   +.........              (no amulet)
HPRegen 0.19/turn               a - ring of the Octopus King {MP+9 AC+1 EV+1 Str+1 Int+1 Dex+1}
MPRegen 0.17/turn               i - +4 ring of protection

@: confused, spider-form (expiring), ambrosia-drunk
A: venomous fangs, (breathe frost), AC +6, tiny, unfitting armour, (cold
resistance 1), (cold-blooded)
a: End Transformation, Renounce Religion


You were on level 6 of the Dungeon.
You worshipped Ru.
Ru was noncommittal.
You were a venomous arachnid creature.
You visited 2 branches of the dungeon, and saw 7 of its levels.

You collected 192 gold pieces.

Inventory:

Jewellery
 a - a ring of the Octopus King (left front leg) {MP+9 AC+1 EV+1 Str+1 Int+1 Dex+1}
   (You found it on level 4 of the Dungeon)

   [ring of magical power]

   AC:        It affects your AC (+1).
   EV:        It affects your evasion (+1).
   Str:       It affects your strength (+1).
   Int:       It affects your intelligence (+1).
   Dex:       It affects your dexterity (+1).
   MP:        It affects your magic capacity (+9).
 i - a +4 ring of protection (right front leg)
 m - a ring of positive energy
Wands
 h - a wand of paralysis (8)
Scrolls
 b - a scroll of teleportation
Potions
 c - a potion of mutation
 d - 2 potions of berserk rage
 e - 2 potions of cancellation
 f - a potion of haste
 j - 2 potions of brilliance {unknown}
 k - a potion of lignification {unknown}
 l - 3 potions of degeneration {unknown}
 n - a potion of attraction {unknown}
 o - a potion of flight {unknown}


   Skills:
 + Level 3.5 Fighting
 - Level 1.7 Dodging
 * Level 5.4 Unarmed Combat
 - Level 3.0 Spellcasting
 * Level 4.8 Transmutations
 * Level 3.2 Ice Magic
 - Level 2.0 Poison Magic


You had 4 spell levels left.
You knew the following spells:

 Your Spells              Type           Power      Damage    Failure   Level
a - Beastly Appendage     Tmut           34%        N/A       10%         1
b - Spider Form           Tmut/Pois      6%         N/A       32%         3
c - Ice Form              Ice/Tmut       15%        N/A       56%         4

Your spell library contained the following spells:

 Spells                   Type           Power      Damage    Failure   Level
 Wereblood                Tmut           17%        N/A       12%         2
 Sting                    Tmut/Pois      52%        1d5       14%         1
 Poisonous Vapours        Pois/Air       10%        N/A       38%         2
 Corpse Rot               Necr/Air       4%         N/A       50%         2
 Slow                     Hex            2%         N/A       50%         2
 Confusing Touch          Hex            2%         N/A       71%         3
 Olgreb's Toxic Radiance  Pois           8%         N/A       82%         4
 Cause Fear               Hex            1%         N/A       96%         4
 Dispel Undead            Necr           2%         3d7       96%         4
 Yara's Violent Unravell  Hex/Tmut       5%         3d4       96%         5
 Death Channel            Necr           1%         N/A       100%        6
 Dragon Form              Tmut           8%         N/A       100%        7
 Dragon's Call            Summ           1%         N/A       100%        9


Dungeon Overview and Level Annotations

Branches:
Dungeon (6/15)             Temple (1/1) D:5

Altars:
Ashenzari
Dithmenos
Elyvilon
Fedhas
Gozag
Hepliaklqana
Kikubaaqudgha
Makhleb
Nemelex Xobeh
Qazlal
Ru
Sif Muna
Uskayaw
Vehumet
Wu Jian
Xom
Zin
The Shining One


Innate Abilities, Weirdness & Mutations

You are a venomous arachnid creature.
You have poisonous fangs.
You are tiny and dextrous.
Your spellcasting is less reliable in this form.
Your armour is entirely melded.
You are incapable of wielding weapons or throwing items.
((You can breathe waves of freezing cold which knock back foes.))
((Your icy white scales are hard. (AC +6)))
You cannot fit into any form of body armour.
((Your flesh is cold resistant. (rC+)))
((You are cold-blooded and may be slowed by cold attacks.))


Message History

The wyvern zombie bites you!
You are too injured to fight recklessly!
You are too injured to fight recklessly!
You are too injured to fight recklessly!
You are too injured to fight recklessly!
You are too injured to fight recklessly!
You are too injured to fight recklessly!
You are too injured to fight recklessly!
You hit the wyvern zombie but do no damage.
The wyvern zombie is lightly damaged.
The wyvern zombie bites you! The wyvern zombie closely misses you.
You hit the wyvern zombie but do no damage.
The wyvern zombie is lightly damaged.
The wyvern zombie bites you!
* * * LOW HITPOINT WARNING * * *
You bite the wyvern zombie!
The wyvern zombie is moderately damaged.
The wyvern zombie closely misses you.
You bite the wyvern zombie!
The wyvern zombie is heavily damaged.
The wyvern zombie closely misses you.
You hit the wyvern zombie but do no damage.
The wyvern zombie is heavily damaged.
The wyvern zombie bites you!
* * * LOW HITPOINT WARNING * * *
Okay, then.
Okay, then.
It was a potion of ambrosia.
You are confused.
You feel invigorated. The wyvern zombie bites you!
* * * LOW HITPOINT WARNING * * *
The wyvern zombie bites you.
* * * LOW HITPOINT WARNING * * *
You're too confused to move!
The wyvern zombie closely misses you.
You're too confused to move!
The wyvern zombie bites you.
* * * LOW HITPOINT WARNING * * *
You bump into the rock wall.
Your transformation is almost over.
The wyvern zombie bites you!
You die...

^. ..####.# # ..
...#.#
..#.###.#.#
..........#####.#
.#.......(.....#
#####.#######.#
#.# #.# #s#
......Z........
........#######
.###..### #.. #..
.. ...


You could see a wyvern zombie.

Vanquished Creatures
  A wyvern (D:5)
  A necrophage (D:5)
  2 black bears (D:5)
  A gnoll sergeant (D:6)
  An orc priest (D:6)
  A hound (D:5)
  A centaur skeleton (D:6)
  4 orc wizards (D:6)
  5 gnolls (D:6)
  4 adders
  An adder skeleton (D:4)
  2 dart slugs (D:2)
  6 orcs
  4 bats
  4 endoplasms
  4 hobgoblins
  A kobold (D:2)
  A quokka (D:2)
  2 ball pythons
  2 frilled lizards
  2 goblins
  4 rats
54 creatures vanquished.

Notes
Turn   | Place    | Note
-------+----------+-------------------------------------------
     0 | D:1      | kae the Draconian Transmuter began the quest for the Orb.
     0 | D:1      | Reached XP level 1. HP: 16/16 MP: 3/3
   374 | D:1      | Found a faded altar of an unknown god.
   375 | D:1      | Noticed a floating eye
   381 | D:1      | Noticed a great orb of eyes
   385 | D:1      | Noticed a golden eye
   747 | D:1      | Reached XP level 2. HP: 20/23 MP: 5/5
   860 | D:1      | Noticed an eye of devastation
  1772 | D:2      | Reached XP level 3. HP: 10/29 MP: 6/6
  1788 | D:2      | Learned a level 3 spell: Spider Form
  2658 | D:4      | Found the ring of the Octopus King
  2662 | D:4      | Identified a ring of the Octopus King {MP+9 AC+1 EV+1 Str+1
                  | Int+1 Dex+1}
  3681 | D:5      | Entered Level 5 of the Dungeon
  3759 | D:5      | Noticed a wyvern
  3763 | D:5      | Reached skill level 1 in Poison Magic
  3763 | D:5      | Reached XP level 4. HP: 36/36 MP: 7/7
  3774 | D:5      | Killed a wyvern
  3775 | D:5      | Reached skill level 4 in Unarmed Combat
  3775 | D:5      | Reached XP level 5. HP: 13/42 MP: 9/9
  4042 | D:5      | Noticed a black bear
  4051 | D:5      | Killed a black bear
  4052 | D:5      | Reached XP level 6. HP: 50/50 MP: 10/10
  4108 | D:5      | Learned a level 4 spell: Ice Form
  4295 | D:5      | Found a staircase to the Ecumenical Temple.
  4310 | D:5      | Reached skill level 1 in Ice Magic
  4319 | D:5      | Reached skill level 5 in Unarmed Combat
  4326 | Temple   | Entered the Ecumenical Temple
  4419 | Temple   | Became a worshipper of Ru the Awakened
  4739 | D:6      | Your scales start taking on an icy white colour.
  4739 | D:6      | Reached XP level 7. HP: 57/57 MP: 11/11
  4739 | D:6      | Gained mutation: Your flesh is cold resistant. (rC+) [White
                  | Draconian growth]
  5220 | D:6      | HP: 1/57 [wyvern zombie (3)]
  5223 | D:6      | Slain by a wyvern zombie

Illustrated notes

Levels and vault maps discovered:
D:1:      dpeg_arrival_concentric_ovals, layout_basic,
          hellmonk_ecumenical_altar_watching_god, minmay_misc_feat_plants
D:2:      layout_basic
D:3:      layout_loops_ring
D:4:      layout_layer_cave
D:5:      layout_rooms, minmay_temple_entry_hall
D:6:      layout_basic, mainiacjoe_overflow_big_doors
Temple:   nicolae_temple_no_exploring_needed

Skill      XL: |  1  2  3  4  5  6  7 |
---------------+----------------------+-----
Fighting       | 2 3 |  3.5
Transmutations | 3 4 |  4.8
Poison Magic   | 1 2 |  2.0
Unarmed Combat | 4 5 |  5.4
Ice Magic      | 1 3 |  3.2
Spellcasting   | 3 |  3.0
Dodging        | |  1.7

Action                   |  1- 3 |  4- 6 |  7- 9 || total
-------------------------+-------+-------+-------++-------
Melee: Unarmed           |   116 |    45 |    52 ||   213
       Kick              |    14 |     2 |       ||    16
       Headbutt          |     8 |       |       ||     8
       Punch             |     2 |       |       ||     2
       Tailslap          |     6 |       |       ||     6
 Cast: Beastly Appendage |    26 |     2 |       ||    28
       Spider Form       |       |     4 |     4 ||     8
       Ice Form          |       |     1 |     1 ||     2
 Abil: Breathe Frost     |       |       |     1 ||     1
  Use: Scroll            |     6 |     2 |       ||     8
       Potion            |       |       |     1 ||     1
 Stab: Sleeping          |     1 |       |       ||     1
Armor: Skin              |    53 |    14 |    15 ||    82
Dodge: Dodged            |    82 |    42 |    36 ||   160

Table legend: (Time is in decaauts)
 A = Elapsed time spent in this place.
 B = Non-inter-level travel time spent in this place.
 C = Inter-level travel time spent in this place.
 D = Time resting spent in this place.
 E = Time spent auto-exploring this place.
 F = Levels seen in this place.
 G = Mean time per level.
                   A        B        C        D        E       F      G
               +--------+--------+--------+--------+--------+-----+--------+
         Total |   5211 |   5097 |    114 |    251 |   4190 |   7 |  744.4 |
       Dungeon |   5110 |   5002 |    108 |    251 |   4117 |   6 |  851.7 |
        Temple |    100 |     94 |      6 |      0 |     73 |   1 |  100.0 |
               +--------+--------+--------+--------+--------+-----+--------+

Top non-repeatable levels by time:
     D:1: 1118 daAuts
     D:5: 1102 daAuts
     D:4: 1023 daAuts
     D:2: 911 daAuts
     D:3: 622 daAuts
     D:6: 330 daAuts
  Temple: 100 daAuts
